 Dungeon Crawl Stone Soup version 0.31.0-11-ge490571c62 (webtiles) character file.

Game seed: 11971691749369484225

63 Esekla the Grave Robber (level 4, 0/57 HPs)
             Began as a Naga Necromancer on Jan 27, 2024.
             Slain by Pargi (1 damage)
             ... in a sewer on Jan 28, 2024.
             The game lasted 00:18:01 (2452 turns).

Esekla the Grave Robber (Naga Necromancer)          Turns: 2452, Time: 00:18:02

Health: 0/57       AC:  2    Str: 10    XL:     4   Next: 9%
Magic:  3/7        EV: 10    Int: 18    God:
Gold:   86         SH:  0    Dex: 11    Spells: 3/7 levels left

rFire   . . .        s - +0 dagger
rCold   . . .        (no shield)
rNeg    . . .        a - +0 robe
rPois   +            (no helmet)
rElec   .            m - scarf {repulsion}
rCorr   +            (no gloves)
SInv    +            (no barding)
Will    .....        (no amulet) Stlth
                     d - ring of resist corrosion
HPRegen 0.29/turn    (no ring)
MPRegen 0.10/turn

%: repel missiles
@: berserking, hasted, quick
A: AC +1, large, see invisible, deformed body, poison resistance, slowness 2,
spit poison 1, naga tail 1
a: Spit Poison


You were in a sewer.
You visited 1 branch of the dungeon, and saw 3 of its levels.
You also visited: Sewer.

You collected 86 gold pieces.

Inventory:

Hand Weapons
 r - a +0 spear
 s - a +0 dagger (weapon)
Missiles
 c - 3 poisoned darts (quivered)
Armour
 a - a +0 robe (worn)
 m - a scarf of repulsion (worn)
Jewellery
 d - a ring of resist corrosion (left hand)
Wands
 g - a wand of flame (25)
Scrolls
 e - a scroll of enchant armour {unknown}
 f - a scroll of amnesia {unknown}
 i - a scroll of silence {unknown}
 l - a scroll of enchant weapon {unknown}
Potions
 b - a potion of magic
 h - a potion of ambrosia {unknown}
 j - a potion of berserk rage
 n - a potion of curing {unknown}


   Skills:
 * Level 1.5 Fighting
 + Level 1.1 Short Blades
 + Level 1.8 Dodging
 + Level 3.2 Stealth
 * Level 2.2 Spellcasting
 * Level 4.6 Necromancy


You had 3 spell levels left.
You knew the following spells:

 Your Spells              Type           Power      Damage    Failure   Level
a - Necrotise             Necr           72%        1d7       2%          1
d - Vampiric Draining     Necr           18%        2d7       8%          3

Your spell library contained the following spells:

 Spells                   Type           Power      Damage    Failure   Level
 Animate Dead             Necr           18%        N/A       26%         4
 Curse of Agony           Necr           18%        N/A       58%         5


Dungeon Overview and Level Annotations

Branches:
Dungeon (3/15)              Sewer (1/1)

Altars:

Annotations:
D:2 Sigmund Sewer Pargi


Innate Abilities, Weirdness & Mutations

Your serpentine skin is tough. (AC +1)
You have supernaturally acute eyesight. (SInv)
Armour fits poorly on your strangely shaped body.
Your system is resistant to poisons. (rPois)
You cover ground very slowly.
You can spit poison.
You have a snake-like lower body.


Message History

The brain worm's throbbing head pulsates.
Something gnaws on your mind!
You feel your power leaking away.
Aiming: Spit Poison (1% risk of failure)
Press: ? - help, Shift-Dir - straight line, f/p - brain worm
Aim: a brain worm (86% to hit)
The splash of poison hits Pargi!
Pargi is poisoned.
Pargi is moderately wounded.
Pargi bites you. Pargi claws you.
* * * LOW HITPOINT WARNING * * *
Pargi claws you.
* * * LOW HITPOINT WARNING * * *
You feel yourself speed up. Pargi barely misses you. Pargi claws you.
* * * LOW HITPOINT WARNING * * *
Pargi claws you but does no damage.
It was a potion of berserk rage.
A red film seems to cover your vision as you go berserk!
You feel yourself moving faster!
You feel mighty!
You barely miss Pargi.
Pargi is moderately wounded.
Pargi closely misses you. x2; Pargi claws you.
* * * LOW HITPOINT WARNING * * *
You hit Pargi.
Pargi is moderately wounded.
Pargi bites you!
* * * LOW HITPOINT WARNING * * *
Pargi claws you but does no damage. Pargi barely misses you.
You closely miss Pargi.
Pargi is moderately wounded.
The brain worm's throbbing head pulsates.
Something gnaws on your mind!
* * * LOW HITPOINT WARNING * * *
You feel your power leaking away.
You hit Pargi but do no damage.
Pargi is moderately wounded.
You have got your breath back.
Pargi bites you.
* * * LOW HITPOINT WARNING * * *
Pargi closely misses you. Pargi claws you.
You die...

### #∩# #.# #@# #T#
####### #w# ##.....##
#.# ##...≈...#
####.#######...≈≈≈††.
#.............≈≈≈≈≈.∩
####.#######...≈≈≈...
#.# ##...≈...# #.#
##.....##


You could see Pargi (poisoned) and a brain worm.

Vanquished Creatures
  4 dart slugs (D:1)
  14 bats
  2 endoplasms (D:1)
  3 giant cockroaches (D:1)
  2 hobgoblins (D:2)
  3 jackals (D:1)
  6 kobolds
  4 quokkas
  3 ball pythons
  7 frilled lizards
  3 goblins (D:1)
  4 rats
55 creatures vanquished.

Notes
Turn   | Place    | Note
-------+----------+-------------------------------------------
     0 | D:1      | Esekla the Naga Necromancer began the quest for the Orb.
     0 | D:1      | Reached XP level 1. HP: 15/15 MP: 3/3
   335 | D:2      | Noticed Sigmund
   436 | D:1      | Reached XP level 2. HP: 14/22 MP: 5/5
   631 | D:1      | Reached skill level 1 in Fighting
   795 | D:1      | Reached XP level 3. HP: 22/31 MP: 6/6
   810 | D:1      | Learned a level 3 spell: Vampiric Draining
   948 | D:2      | Identified the +0 leather armour "Heilye" {Harm}
  1927 | D:2      | Reached skill level 1 in Short Blades
  2270 | D:3      | Reached XP level 4. HP: 28/38 MP: 3/7
  2277 | D:3      | Found a glowing drain.
  2307 | Sewer    | Entered a sewer
  2334 | Sewer    | Noticed a brain worm
  2346 | Sewer    | Noticed Pargi
  2451 | Sewer    | HP: 2/57 [brain worm/psychic fangs (4)]
  2452 | Sewer    | Slain by Pargi

Illustrated notes

Levels and vault maps discovered:
D:1:      psy_arrival_basics, layout_loops_corners, minmay_indecisive_spiral
D:2:      layout_basic, minmay_misc_feat_pillars, uniq_sigmund
D:3:      layout_loops_ring, gup_sewer_entry_bowl,
          hellmonk_ecumenical_altar_arch_garden, small_statue_alley_b
Sewer:    sewer_big_baddie

Skill      XL: |  1  2  3 |
---------------+----------+-----
Fighting       | 1 |  1.5
Short Blades   | 1 |  1.1
Dodging        | |  1.8
Stealth        | |  3.2
Spellcasting   | |  2.2
Necromancy     | |  4.6

Action                     |  1- 3 |  4- 6 || total
---------------------------+-------+-------++-------
  Melee: Club              |    16 |       ||    16
         Unarmed           |     6 |       ||     6
         Punch             |     2 |       ||     2
         Dagger            |   106 |    16 ||   122
  Throw: Dart              |     3 |       ||     3
   Cast: Vampiric Draining |     1 |     2 ||     3
Ability: Spit Poison       |    32 |     4 ||    36
    Use: Potion            |       |     2 ||     2
         Scroll            |       |     1 ||     1
   Stab: Sleeping          |     3 |       ||     3
 Armour: Robe              |    90 |    31 ||   121
  Dodge: Dodged            |    81 |    18 ||    99
